 Dungeon Crawl Stone Soup version 0.32-a0-900-g30fb1b0edc (webtiles) character file.

Game seed: 6173384223223148118

787 GiantSquids the Cleaver (level 7, -2/57 HPs)
             Began as a Mountain Dwarf Fighter on Apr 5, 2024.
             Was a Follower of Okawaru.
             Slain by an ogre
             ... wielding a +0 giant spiked club
              (22 damage)
             ... on level 5 of the Dungeon.
             The game lasted 00:05:47 (2747 turns).

GiantSquids the Cleaver (Mountain Dwarf Fighter)    Turns: 2747, Time: 00:05:48

Health: -2/57      AC: 11    Str: 20    XL:     7   Next: 56%
Magic:  7/7        EV:  8    Int:  9    God:    Okawaru [*.....]
Gold:   228        SH:  5    Dex: 15    Spells: 6/6 levels left

rFire   . . .        a - +0 war axe
rCold   + . .        c - +0 buckler
rNeg    + . .        j - +2 scale mail {rC+}
rPois   .            (no helmet)
rElec   .            (no cloak)
rCorr   .            y - +0 pair of gloves
SInv    .            k - +0 pair of boots
Will    .....        (no amulet) Stlth
                     h - +6 ring of dexterity
HPRegen 0.29/turn    l - ring of positive energy
MPRegen 0.10/turn

%: no passive effects
@: no status effects
A: runic magic, artefact enchanting
a: Renounce Religion, Heroism


You were on level 5 of the Dungeon.
You worshipped Okawaru.
Okawaru was aware of your devotion.
You visited 1 branch of the dungeon, and saw 5 of its levels.

You collected 228 gold pieces.

Inventory:

Hand Weapons
 a - a +0 war axe (weapon)
Missiles
 v - 5 stones (quivered)
 x - 3 boomerangs
Armour
 c - a +0 buckler (worn)
 j - a +2 scale mail of cold resistance (worn)
 k - a +0 pair of boots (worn)
 y - a +0 pair of gloves (worn)
Jewellery
 h - a +6 ring of dexterity (left hand)
 l - a ring of positive energy (right hand)
Wands
 i - a wand of warping (6)
Scrolls
 b - 3 scrolls of teleportation {unknown}
 d - a scroll of brand weapon {unknown}
 e - a scroll of immolation {unknown}
 f - 2 scrolls of revelation {unknown}
 m - a scroll of enchant armour {unknown}
 n - a scroll of silence {unknown}
 o - 2 scrolls of torment {unknown}
 s - a scroll of poison {unknown}
 t - a scroll of summoning {unknown}
 u - a scroll of blinking {unknown}
 z - a scroll of identify {unknown}
Potions
 g - 2 potions of degeneration {unknown}
 p - a potion of attraction {unknown}
 q - 2 potions of magic {unknown}
 r - a potion of haste {unknown}
 w - 3 potions of curing {unknown}


   Skills:
 - Level 3.2 Fighting
 + Level 10.4 Axes
 - Level 3.2 Armour
 - Level 3.2 Shields


You had 6 spell levels left.
You didn't know any spells.
Your spell library contained the following spells:

 Spells                   Type           Power      Damage    Failure   Level
 Ensorcelled Hibernation  Hex/Ice        0%         N/A       69%         2
 Fugue of the Fallen      Necr           0%         N/A       89%         3
 Anguish                  Hex/Necr       0%         N/A       100%        4


Dungeon Overview and Level Annotations

Branches:
Dungeon (5/15)
 Temple: D:4-7

Altars:
Okawaru


Innate Abilities, Weirdness & Mutations

Your spellcasting is much less encumbered by armour.
You can use scrolls of enchantment on lesser artefacts.


Message History

You slash the hound!
The hound is almost dead.
You block the hound's attack. The hound bites you but does no damage.
You slash the hound!
You kill the hound!
Okawaru accepts your kill.
You hit the iguana but do no damage. You block the iguana's attack.
You hit the iguana.
The iguana is moderately wounded.
The iguana bites you but does no damage.
You barely miss the iguana.
The iguana is moderately wounded.
The iguana bites you but does no damage.
The howler monkey hoots and howls with incredible vigour!
You hear a shout!
You slash the iguana!
The iguana is severely wounded.
The iguana closely misses you.
You slash the iguana!
You kill the iguana!
Okawaru accepts your kill.
An iguana comes into view.
You slash the gnoll!
The gnoll is severely wounded.
The gnoll hits you with a +0 whip.
You slash the gnoll!
You kill the gnoll!
Okawaru accepts your kill.
You slash the ogre!
The ogre is heavily wounded.
The ogre hits you with a +0 giant spiked club!
You barely miss the ogre.
The ogre is heavily wounded.
You hit the ogre.
The ogre is severely wounded.
The ogre hits you with a +0 giant spiked club!!
You hit the ogre.
The ogre is almost dead.
The ogre hits you with a +0 giant spiked club!!
You die...

### ..# #.# #. ## h##
#.# #. ..# .. # #.# .
...# ?## .# #.# .##.
.##.. ..# ###.####.#..#
...##...#
#.......##..####l......#
#.#.####.#.##.@Oh$.....#
#.#...........##.######
#.#########.###.## #.#
##...## #.# ##### #.#
#.# #.# ###.#


You could see an ogre, a howler monkey and an iguana.

Vanquished Creatures
  A black bear (D:5)
  An ogre (D:3)
  A phantom (D:5)
  2 scorpions (D:4)
  3 jellies
  3 hounds
  An orc priest (D:3)
  An iguana (D:5)
  A sleepcap (D:4)
  Terence (D:2)
  2 gnolls
  3 adders (D:3)
  3 ribbon worms
  2 dart slugs
  6 orcs
  13 endoplasms
  5 giant cockroaches
  9 hobgoblins
  3 jackals (D:1)
  2 quokkas
  7 ball pythons
  5 bats
  6 frilled lizards
  6 kobolds
  12 rats
99 creatures vanquished.

Notes
Turn   | Place    | Note
-------+----------+-------------------------------------------
     0 | D:1      | GiantSquids the Mountain Dwarf Fighter began the quest for
                  | the Orb.
     0 | D:1      | Reached XP level 1. HP: 19/19 MP: 1/1
     1 | D:1      | Found a runed translucent door.
    26 | D:1      | Reached skill level 3 in Axes
    35 | D:1      | Reached XP level 2. HP: 26/26 MP: 2/2
    46 | D:1      | Reached skill level 4 in Axes
   113 | D:1      | Reached XP level 3. HP: 31/31 MP: 3/3
   442 | D:1      | Reached skill level 5 in Axes
   795 | D:2      | Noticed Terence
   805 | D:2      | Killed Terence
   806 | D:2      | Reached XP level 4. HP: 38/38 MP: 4/4
  1204 | D:3      | Reached skill level 6 in Axes
  1262 | D:3      | Found an iron altar of Okawaru.
  1279 | D:3      | Became a worshipper of Warmaster Okawaru
  1293 | D:3      | Reached XP level 5. HP: 45/45 MP: 5/5
  1460 | D:3      | Noticed an ogre
  1469 | D:3      | HP: 1/45 [ogre/+0 giant club (13)]
  1471 | D:3      | Killed an ogre
  1472 | D:3      | Reached skill level 7 in Axes
  1849 | D:4      | Reached skill level 8 in Axes
  1849 | D:4      | Reached XP level 6. HP: 51/51 MP: 6/6
  2232 | D:4      | Reached * piety under Okawaru
  2299 | D:4      | Reached skill level 9 in Axes
  2438 | D:5      | Entered Level 5 of the Dungeon
  2537 | D:5      | Reached XP level 7. HP: 45/57 MP: 7/7
  2722 | D:5      | Reached skill level 10 in Axes
  2747 | D:5      | Slain by an ogre

Illustrated notes

Levels and vault maps discovered:
D:1:      dpeg_arrival_caged_fury, layout_basic
D:2:      layout_basic, uniq_terence
D:3:      layout_rooms, lemuel_doored_altar, st_stairs_11, minivault_19,
          amcnicky_mini_pool_small, minmay_pentomino_pile
D:4:      nicolae_BIG_FREAKIN_CUBE, layout_rooms, serial_bayou_pond_e
D:5:      layout_loops_ring, minmay_ruined_shrine, uniq_duvessa

Skill      XL: |  1  2  3  4  5  6  7 |
---------------+----------------------+-----
Axes           | 3 4 5 6 8 9 10 | 10.4
Fighting       | |  3.2
Armour         | |  3.2
Shields        | |  3.2

Action                     |  1- 3 |  4- 6 |  7- 9 || total
---------------------------+-------+-------+-------++-------
  Melee: War axe           |   120 |   122 |    36 ||   278
    Use: Potion            |       |     1 |       ||     1
 Armour: Scale mail        |    97 |    67 |    35 ||   199
  Dodge: Dodged            |    69 |    50 |    12 ||   131
  Block: Buckler           |    24 |    23 |     5 ||    52

Table legend: (Time is in decaauts)
 A = Elapsed time spent in this place.
 B = Non-inter-level travel time spent in this place.
 C = Inter-level travel time spent in this place.
 D = Time resting spent in this place.
 E = Time spent auto-exploring this place.
 F = Levels seen in this place.
 G = Mean time per level.
                   A        B        C        D        E       F      G
               +--------+--------+--------+--------+--------+-----+--------+
         Total |   2806 |   2727 |     79 |    131 |   1862 |   5 |  561.2 |
       Dungeon |   2806 |   2727 |     79 |    131 |   1862 |   5 |  561.2 |
               +--------+--------+--------+--------+--------+-----+--------+

Top non-repeatable levels by time:
     D:1: 718 daAuts
     D:3: 660 daAuts
     D:4: 631 daAuts
     D:2: 484 daAuts
     D:5: 311 daAuts
